 Dungeon Crawl Stone Soup version 0.30-a0-354-g6b83867211 (webtiles) character file.

Game seed: 1382637573305347143

303 koil the Sneak (level 6, -1/30 HPs)
             Began as a Spriggan Enchanter on Nov 8, 2022.
             Slain by Pargi (6 damage)
             ... in a sewer.
             The game lasted 00:09:36 (2436 turns).

koil the Sneak (Spriggan Enchanter)                 Turns: 2436, Time: 00:09:37

Health: -1/30      AC:  2    Str:  4    XL:     6   Next: 15%
Magic:  9/12       EV: 18    Int: 19    God:
Gold:   100        SH:  0    Dex: 15    Spells: 10/12 levels left

rFire   . . .      SeeInvis +    a - +1 dagger
rCold   . . .      Faith    .    (no shield)
rNeg    . . .      Spirit   .    q - +0 robe
rPois   .          Reflect  .    (helmet restricted)
rElec   .          Harm     .    (no cloak)
rCorr   .          Rampage  .    (gloves unavailable)
Will    +....                    (boots unavailable)
Stlth   ++........               (no amulet)
HPRegen 0.25/turn                (no ring)
MPRegen 0.13/turn                (no ring)

@: invisible, slow
A: very small, no large weapons, unfitting armour, see invisible, speed 3
a: no special abilities


You were in a sewer.
You visited 1 branch of the dungeon, and saw 3 of its levels.
You also visited: Sewer.

You collected 100 gold pieces.

Inventory:

Hand Weapons
 a - a +1 dagger (weapon)
 b - a +0 arbalest
Armour
 n - a +0 robe
 o - a +0 robe
 q - a +0 robe (worn)
Jewellery
 s - the ring of Xeaquhatz {rElec rPois rCorr Str-2}
   (You found it on level 3 of the Dungeon)

   [ring of resist corrosion]

   Str:       It affects your strength (-2).
   rElec:     It insulates you from electricity.
   rPois:     It protects you from poison.
   rCorr:     It protects you from acid and corrosion.
Scrolls
 e - a scroll of amnesia {unknown}
 h - 2 scrolls of identify {unknown}
 i - a scroll of vulnerability {unknown}
 j - a scroll of poison {unknown}
 p - a scroll of enchant weapon {unknown}
 r - 2 scrolls of teleportation {unknown}
 u - a scroll of torment {unknown}
Potions
 c - a potion of invisibility
 d - a potion of lignification {unknown}
 f - a potion of ambrosia {unknown}
 g - 2 potions of berserk rage {unknown}
 k - a potion of flight {unknown}
 l - 2 potions of mutation {unknown}
 m - a potion of degeneration {unknown}
 t - a potion of cancellation {unknown}


   Skills:
 + Level 1.4 Fighting
 + Level 2.3 Short Blades
 + Level 3.9 Dodging
 + Level 5.5 Stealth
 + Level 3.9 Spellcasting
 + Level 1.3 Conjurations
 + Level 4.5 Hexes
 + Level 2.4 Transmutations


You had 10 spell levels left.
You knew the following spells:

 Your Spells              Type           Power      Damage    Failure   Level
a - Ensorcelled Hibernat  Hex/Ice        24%        N/A       9%          2

Your spell library contained the following spells:

 Spells                   Type           Power      Damage    Failure   Level
 Confusing Touch          Hex            21%        N/A       6%          3
 Tukima's Dance           Hex            21%        N/A       6%          3
 Kiss of Death            Conj/Necr      24%        2d7       11%         1
 Dazzling Flash           Conj/Hex       28%        N/A       12%         3
 Sublimation of Blood     Necr           3%         N/A       22%         2
 Petrify                  Tmut/Erth      8%         N/A       63%         4
 Dispel Undead            Necr           3%         3d7       80%         4
 Irradiate                Conj/Tmut      5%         3d13      87%         5


Dungeon Overview and Level Annotations

Branches:
Dungeon (3/15)              Sewer (1/1)

Altars:
The Shining One

Shops:
D:1 *

Annotations:
D:3 Robin Sewer Pargi


Innate Abilities, Weirdness & Mutations

You are very small and have problems with some larger weapons.
You are too small for most types of armour.
You have supernaturally acute eyesight. (SInv)
You cover ground extremely quickly. (Speed+++)


Message History

Pargi completely misses you. Pargi claws you. Pargi misses you.
You closely miss Pargi.
Pargi is severely wounded.
Your unstable footing causes you to fumble your attack.
Pargi bites you! Pargi claws you. Pargi misses you.
Your unstable footing causes you to fumble your attack.
Pargi bites you.
* * * LOW HITPOINT WARNING * * *
Pargi closely misses you. Pargi completely misses you.
Casting: Ensorcelled Hibernation (safe; 9% risk of failure)
Confirm with . or Enter, or press ? or * to list all spells.
You don't know that spell.
You enter the shallow water.
Moving in this stuff is going to be slow.
Pargi attacks as you move away! Pargi bites you.
* * * LOW HITPOINT WARNING * * *
Pargi claws you.
* * * LOW HITPOINT WARNING * * *
Pargi claws you but does no damage.
Casting: Ensorcelled Hibernation (safe; 9% risk of failure)
Confirm with . or Enter, or press ? or * to list all spells.
Okay, then.
Casting: Ensorcelled Hibernation (safe; 9% risk of failure)
Confirm with . or Enter, or press ? or * to list all spells.
Aiming: Ensorcelled Hibernation (safe; 9% risk of failure)
Press: ? - help, Shift-Dir - straight line, f/p - Pargi
Aim: Pargi (heavily wounded, not susceptible)
Okay, then.
Unknown command.
You hit Pargi but do no damage.
Pargi is heavily wounded.
Pargi misses you. Pargi barely misses you. Pargi closely misses you.
Unknown command.
You fade into invisibility!
Pargi barely misses you. Pargi misses you. Pargi closely misses you.
You enter the shallow water.
Moving in this stuff is going to be slow. ...and don't expect to remain undetected.
Pargi attacks as you move away! Pargi bites you.
You die...

#≈≈≈≈≈≈≈≈≈≈≈≈≈~≈≈≈≈~~#
#≈≈≈≈≈≈≈≈≈≈≈≈≈.#~≈≈~..#
#≈≈≈≈≈≈≈≈≈≈≈~.###∩∩####
#≈≈≈≈≈≈≈≈≈≈≈~~# ##.#
#≈≈≈≈≈≈≈≈≈≈~#.# ###
≈≈≈≈≈≈≈≈≈≈≈.#.#
#≈≈≈≈≈≈≈≈.~####
##≈≈≈≈≈≈...#
#≈≈≈≈≈≈@#### ≈≈≈≈≈≈≈T##
≈≈≈≈≈≈≈~.# #≈≈≈≈≈≈.##
#≈≈≈≈≈≈≈~# #≈≈≈≈≈≈≈≈.#
≈≈≈≈≈≈≈≈≈~.#
#≈≈≈≈≈≈≈≈≈~#
#≈≈≈≈≈≈≈≈≈≈~


You could see Pargi.

Vanquished Creatures
  Sigmund (D:2)
  A crimson imp (D:3)
  Jessica (D:2)
  2 adders (D:2)
  2 dart slugs
  4 endoplasms
  2 giant cockroaches
  3 goblins
  3 hobgoblins
  3 jackals (D:1)
  A kobold (D:1)
  2 quokkas
  6 ball pythons
  5 bats
  3 frilled lizards (D:1)
  A goblin skeleton (D:3)
  4 goblin zombies (D:3)
  A hobgoblin zombie (D:3)
  A kobold zombie (D:3)
  2 orc skeletons (D:3)
  2 orc zombies (D:3)
  3 rats
53 creatures vanquished.

Notes
Turn   | Place    | Note
-------+----------+-------------------------------------------
     0 | D:1      | koil the Spriggan Enchanter began the quest for the Orb.
     0 | D:1      | Reached XP level 1. HP: 9/9 MP: 5/5
   445 | D:1      | Found Kaezir's Assorted Antiques.
   481 | D:1      | Reached XP level 2. HP: 13/13 MP: 6/6
   484 | D:1      | Learned a level 2 spell: Ensorcelled Hibernation
  1141 | D:2      | Noticed Sigmund
  1251 | D:2      | Reached skill level 1 in Transmutations
  1385 | D:2      | Killed Sigmund
  1386 | D:2      | Reached skill level 1 in Fighting
  1386 | D:2      | Reached skill level 5 in Stealth
  1386 | D:2      | Reached skill level 1 in Conjurations
  1386 | D:2      | Reached XP level 3. HP: 8/18 MP: 7/9
  1386 | D:2      | Reached XP level 4. HP: 10/22 MP: 7/10
  1386 | D:2      | Reached XP level 5. HP: 11/25 MP: 7/11
  1535 | D:2      | Noticed Jessica
  1537 | D:2      | Killed Jessica
  2090 | D:3      | Identified the ring of Xeaquhatz {rElec rPois rCorr Str-2}
  2104 | D:3      | Found a glowing golden altar of the Shining One.
  2140 | D:3      | Reached XP level 6. HP: 29/30 MP: 7/12
  2290 | D:3      | Noticed Robin
  2358 | D:3      | Found a glowing drain.
  2374 | Sewer    | Entered a sewer
  2421 | Sewer    | Noticed Pargi
  2432 | Sewer    | HP: 5/30 [Pargi (3)]
  2436 | Sewer    | Slain by Pargi

Illustrated notes

Levels and vault maps discovered:
D:1:      matt_arrival_grand_opening, layout_basic, serial_shops, shop_statue
D:2:      layout_rooms, grunt_ministairs_4, supply_closet_lemuel,
          minmay_tripent, uniq_jessica, uniq_sigmund
D:3:      layout_loops_cross, nicolae_tso_besieged_by_evil,
          portal_sewer_entry_b, kennysheep_generic_room_13, uniq_robin
Sewer:    sewer_co_pargi_island

Skill      XL: |  1  2 |
---------------+-------+-----
Dodging        | 3 |  3.9
Transmutations | 2 |  2.4
Fighting       | 1 |  1.4
Short Blades   | 2 |  2.3
Stealth        | 5 |  5.5
Spellcasting   | 3 |  3.9
Conjurations   | 1 |  1.3
Hexes          | 4 |  4.5

Action                   |  1- 3 |  4- 6 || total
-------------------------+-------+-------++-------
Melee: Dagger            |    80 |    96 ||   176
       Punch             |       |     2 ||     2
 Fire: Arbalest          |    12 |    19 ||    31
 Cast: Ensorcelled Hiber |       |     4 ||     4
  Use: Potion            |       |     1 ||     1
 Stab: Sleeping          |     6 |     6 ||    12
Armor: Robe              |     9 |    11 ||    20
Dodge: Dodged            |    58 |   128 ||   186

Table legend: (Time is in decaauts)
 A = Elapsed time spent in this place.
 B = Non-inter-level travel time spent in this place.
 C = Inter-level travel time spent in this place.
 D = Time resting spent in this place.
 E = Time spent auto-exploring this place.
 F = Levels seen in this place.
 G = Mean time per level.
                   A        B        C        D        E       F      G
               +--------+--------+--------+--------+--------+-----+--------+
         Total |   1686 |   1644 |     42 |      0 |   1024 |   4 |  421.5 |
       Dungeon |   1629 |   1587 |     42 |      0 |   1005 |   3 |  543.0 |
         Sewer |     56 |     56 |      0 |      0 |     19 |   1 |   56.0 |
               +--------+--------+--------+--------+--------+-----+--------+

Top non-repeatable levels by time:
     D:1: 762 daAuts
     D:2: 596 daAuts
     D:3: 270 daAuts
   Sewer: 56 daAuts
